 Dungeon Crawl Stone Soup version 0.25-a0-516-g7d600cd (webtiles) character file.

Game seed: 17470753302896923961, levelgen mode: deterministic

20673 15 the Grappler (level 12, 0/174 HPs)
             Began as a Red Draconian Transmuter on Feb 16, 2020.
             Was a High Priest of Makhleb.
             Slain by a freezing wraith (4 damage)
             ... in an ice cave.
             The game lasted 01:17:38 (16495 turns).

15 the Grappler (Red Draconian Transmuter)         Turns: 16495, Time: 01:17:39

Health: 0/174      AC:  6    Str: 20    XL:     12   Next: 47%
Magic:  19/21      EV: 12    Int: 17    God:    Makhleb [*****.]
Gold:   215        SH:  0    Dex: 11    Spells: 3/24 levels left

rFire    x . .     SeeInvis +     - Unarmed
rCold    + + +     Gourm    .   (shield currently unavailable)
rNeg     . . .     Faith    .   (armour unavailable)
rPois    +         Spirit   .   (helmet currently unavailable)
rElec    .         Reflect  .   (cloak currently unavailable)
rCorr    .         Harm     .   (gloves currently unavailable)
MR       .....                  (boots currently unavailable)
Stlth    ..........             f - amulet of rage
HPRegen  0.39/turn              e - ring of poison resistance
MPRegen  0.17/turn              t - ring of see invisible

@: berserking, short of breath, ice-form, slowed
A: large, (breathe fire), unfitting armour, AC +8
a: End Transformation, Minor Destruction, Lesser Servant of Makhleb, Major
Destruction, Greater Servant of Makhleb, Renounce Religion, Evoke Berserk Rage


You were in an ice cave.
You worshipped Makhleb.
Makhleb was extremely pleased with you.
You were very hungry.
You were a creature of crystalline ice.
You visited 2 branches of the dungeon, and saw 16 of its levels.
You also visited: Ice Cave.

You collected 836 gold pieces.
You spent 621 gold pieces at shops.

Inventory:

Hand Weapons
 B - a +5 scimitar of freezing
Missiles
 a - 236 arrows
Armour
 i - a +1 pair of boots of flying (melded)
 j - a scarf of spirit shield (melded)
 r - a +2 buckler of protection
 u - a +2 buckler of cold resistance (melded)
 v - a +1 hat (melded)
 H - a +0 pair of gloves of dexterity (melded)
Magical Staves
 b - an uncursed staff of cold
Jewellery
 e - a ring of poison resistance (left front paw)
 f - an amulet of rage (around neck)
 t - a ring of see invisible (right front paw)
 O - a +6 ring of strength
Wands
 h - a wand of paralysis (1)
 n - a wand of iceblast (1)
 I - a wand of acid (3)
Scrolls
 g - 2 scrolls of amnesia
 l - a scroll of brand weapon {unknown}
 p - 4 scrolls of remove curse
 s - a scroll of magic mapping
 w - 2 scrolls of enchant weapon
 z - a scroll of enchant armour
 F - a scroll of silence {unknown}
 L - a scroll of fear
 M - a scroll of noise {unknown}
 N - 2 scrolls of vulnerability {unknown}
Potions
 d - a potion of magic
 k - 2 potions of mutation
 o - 3 potions of curing
 q - a potion of agility
 x - a potion of brilliance
 A - 2 potions of resistance
 E - a potion of cancellation {unknown}
 G - 3 potions of might
 J - 2 potions of lignification
 K - a potion of haste
Comestibles
 c - 19 rations


   Skills:
 * Level 6.7 Fighting
 * Level 6.6 Dodging
 + Level 3.0 Stealth
 * Level 6.1 Shields
 + Level 9.7 Unarmed Combat
 * Level 6.5 Spellcasting
 * Level 5.1 Conjurations
 * Level 7.4 Transmutations
 + Level 2.9 Ice Magic
 + Level 1.1 Poison Magic
 * Level 6.5 Invocations
 * Level 6.6 Evocations


You had 3 spell levels left.
You knew the following spells:

 Your Spells              Type           Power        Failure   Level  Hunger
a - Beastly Appendage     Tmut           ####..       1%          1    None
b - Sticks to Snakes      Tmut           ####....     1%          2    None
c - Spider Form           Tmut/Pois      ###.......   6%          3    ##.....
d - Ice Form              Ice/Tmut       ###.....     14%         4    ####...
e - Searing Ray           Conj           ###...       2%          2    None
f - Blade Hands           Tmut           ####......   16%         5    #####..
g - Fulminant Prism       Conj/Hex       ##........   38%         4    ####...

Your spell library contained the following spells:

 Spells                   Type           Power        Failure   Level  Hunger
 Magic Dart               Conj           ###.         1%          1    None
 Dazzling Flash           Conj/Hex       ##....       13%         3    ##.....
 Confusing Touch          Hex            #.......     36%         3    ##.....
 Gell's Gravitas          Tloc           #.........   36%         3    ##.....
 Petrify                  Tmut/Erth      ###.....     26%         4    ####...
 Iskenderun's Mystic Bla  Conj/Tloc      ##......     38%         4    ####...
 Yara's Violent Unravell  Hex/Tmut       ###.......   58%         5    #####..
 Metabolic Englaciation   Hex/Ice        ##........   88%         5    #####..


Dungeon Overview and Level Annotations

Branches:
Dungeon (15/15)            Temple (1/1) D:4            Lair (0/6) D:8
    Orc (0/2) D:10         Depths (0/5) D:15          IceCv (1/1)
 Vaults: D:13-14

Altars:
Ashenzari
Cheibriados
Dithmenos
Elyvilon
Gozag
Kikubaaqudgha
Makhleb
Nemelex Xobeh
Okawaru
Qazlal
Trog
Uskayaw
Vehumet
Xom
Yredelemnul
The Shining One

Shops:
D:6 [   D:7 [   D:11 [

Annotations:
D:6 2 transporters, Zonian's ghost, novice DrTm
D:12 exclusions: obsidian statue and orange crystal statue


Innate Abilities, Weirdness & Mutations

((You can breathe blasts of fire.))
((Your fiery red scales are hard. (AC +8)))
You cannot fit into any form of body armour.
((Your flesh is heat resistant. (rF+)))
((You are cold-blooded and may be slowed by cold attacks.))


Message History

The iron shot hits the freezing wraith!
The freezing wraith is almost destroyed.
The freezing wraith closely misses you. The freezing wraith hits you.
* * * LOW HITPOINT WARNING * * *
The freezing wraith drains your vigour!
You feel as though you will be slow longer.
The freezing wraith hits you!
* * * LOW HITPOINT WARNING * * *
The freezing wraith freezes you. You resist.
* * * LOW HITPOINT WARNING * * *
The freezing wraith closely misses you. The freezing wraith hits you.
* * * LOW HITPOINT WARNING * * *
The freezing wraith freezes you. You resist.
* * * LOW HITPOINT WARNING * * *
The freezing wraith completely misses you.
Unknown command.
A red film seems to cover your vision as you go berserk!
You feel yourself moving faster!
You feel mighty! The freezing wraith barely misses you.
The freezing wraith hits you.
You die...

#.W.....#
#...###..## #...
##.W## #... ##..##
W.. #...# .W #..##
##### . #...###
###...####
##....###........##
##.......WY......##
####....W........#
##............#
##..........#
##.#....#.##
####..## # ##..#
##..## #..##


You could see 2 freezing wraiths.

Vanquished Creatures
  2 hydras
  A centaur warrior (D:13)
  2 two-headed ogres
  An ugly thing (D:11)
  A wolf spider zombie (D:13)
  2 manticores
  2 cyclopes
  A centaur zombie (D:13)
  3 trolls
  A tengu conjurer (D:14)
  A hornet (D:11)
  2 hippogriffs
  A spriggan (D:7)
  A shadow (D:13)
  2 vampires
  3 wyverns
  A hungry ghost (D:11)
  13 yaks
  2 death yak simulacra (IceCv)
  Menkaure (D:6)
  4 vampire mosquitoes (D:12)
  2 water moccasins
  An eye of draining (D:13)
  5 orc warriors
  14 ice beasts
  5 phantoms
  5 black bears
  3 sky beasts
  3 necrophages
  7 centaurs
  3 ogres
  3 big kobolds
  8 bullfrogs
  A gnoll sergeant (D:9)
  A wyvern zombie (D:6)
  4 scorpions
  6 killer bees
  13 wights
  5 howler monkeys
  5 crimson imps
  A bullfrog zombie (D:6)
  10 hounds
  3 bullfrog skeletons
  Crazy Yiuf (D:7)
  6 jellies
  9 orc priests
  5 centaur skeletons
  3 iguanas
  Natasha (twice) (D:4)
  14 orc wizards
  15 worker ants
  A killer bee zombie (D:5)
  A polar bear simulacrum (IceCv)
  A wolf simulacrum (IceCv)
  A hound skeleton (D:10)
  18 adders
  A howler monkey skeleton (D:8)
  13 gnolls
  2 shadow imps
  5 white imps (IceCv)
  3 oozes
  An adder zombie (D:5)
  3 adder skeletons
  6 worms
  A dart slug (D:5)
  7 leopard geckos
  58 orcs
  2 ball pythons
  9 bats
  7 giant cockroaches
  7 goblins
  6 hobgoblins
  21 jackals
  29 kobolds
  2 quokkas
  8 frilled lizards
  2 gnoll zombies (D:4)
  A leopard gecko zombie (D:6)
  13 rats
  2 plants (D:4)
441 creatures vanquished.

Vanquished Creatures (collateral kills)
  A big kobold (D:9)
  A bullfrog (D:10)
  A killer bee (D:9)
  2 wights
  An orc (D:4)
  2 kobolds (D:9)
8 creatures vanquished.

Vanquished Creatures (others)
  3 plants (D:4)
3 creatures vanquished.

Grand Total: 452 creatures vanquished

Notes
Turn   | Place    | Note
-------+----------+-------------------------------------------
     0 | D:1      | 15 the Draconian Transmuter began the quest for the Orb.
     0 | D:1      | Reached XP level 1. HP: 16/16 MP: 3/3
   324 | D:1      | Reached XP level 2. HP: 23/23 MP: 5/5
   376 | D:1      | Learned a level 2 spell: Sticks to Snakes
  1054 | D:2      | Reached XP level 3. HP: 28/28 MP: 2/6
  1059 | D:2      | Learned a level 3 spell: Spider Form
  1424 | D:2      | Found an opulent altar of Gozag.
  1887 | D:3      | Reached skill level 4 in Unarmed Combat
  1899 | D:3      | Reached XP level 4. HP: 34/35 MP: 7/7
  2052 | D:3      | HP: 1/35 [orc/+0 flail (7)]
  2766 | D:3      | Noticed an ogre
  2818 | D:3      | Reached skill level 1 in Stealth
  2977 | D:3      | Reached XP level 5. HP: 41/41 MP: 8/8
  3510 | D:4      | Found a white marble altar of Elyvilon.
  3814 | D:4      | Found a staircase to the Ecumenical Temple.
  3816 | D:4      | Noticed Natasha
  3888 | D:4      | Reached XP level 6. HP: 35/48 MP: 6/10
  3950 | D:4      | Reached skill level 1 in Evocations
  3960 | D:4      | Reached skill level 1 in Shields
  4131 | D:4      | Found a basalt altar of Yredelemnul.
  4415 | D:4      | Found a shattered altar of Ashenzari.
  4449 | D:4      | Learned a level 4 spell: Ice Form
  4687 | D:4      | Your scales start taking on a fiery red colour.
  4687 | D:4      | Reached XP level 7. HP: 56/56 MP: 4/11
  4687 | D:4      | Gained mutation: Your flesh is heat resistant. (rF+) [Red
                  | Draconian growth]
  4998 | D:4      | Killed Natasha
  5019 | Temple   | Entered the Ecumenical Temple
  5048 | Temple   | Became a worshipper of Makhleb the Destroyer
  5279 | D:4      | Noticed Natasha
  5288 | D:4      | Killed Natasha
  5520 | D:5      | Entered Level 5 of the Dungeon
  5780 | D:5      | Reached skill level 1 in Invocations
  5812 | D:5      | Reached skill level 5 in Unarmed Combat
  5843 | D:5      | Reached * piety under Makhleb
  5877 | D:5      | Reached XP level 8. HP: 60/62 MP: 8/13
  5943 | D:5      | Learned a level 2 spell: Searing Ray
  6077 | D:5      | Found a snail-covered altar of Cheibriados.
  6080 | D:5      | Found an ancient bone altar of Kikubaaqudgha.
  6087 | D:5      | Found a sparkling altar of Nemelex Xobeh.
  6379 | D:6      | Noticed Zonian's ghost (novice DrTm)
  6380 | D:6      | Found a transporter.
  6384 | D:6      | Identified the +6 dire flail of Offence {freeze, +Inv
                  | Int+6}
  6384 | D:6      | Noticed a two-headed ogre
  6387 | D:6      | Found a transporter.
  6691 | D:6      | Found Xene's Antique Armour Boutique.
  6706 | D:6      | Bought a pair of runed boots for 157 gold pieces
  6797 | D:6      | Found a stormy altar of Qazlal.
  6801 | D:6      | Reached skill level 1 in Conjurations
  6803 | D:6      | Found an iron altar of Okawaru.
  6803 | D:6      | Found a hide-covered altar of Uskayaw.
  6806 | D:6      | Found a sacrificial altar of Ru.
  6806 | D:6      | Found a shimmering altar of Xom.
  6806 | D:6      | Found a glowing silver altar of Zin.
  6954 | D:6      | Noticed Menkaure
  6956 | D:6      | Killed Menkaure
  7088 | D:6      | Reached ** piety under Makhleb
  7348 | D:7      | Reached XP level 9. HP: 47/70 MP: 9/15
  7358 | D:7      | Reached skill level 6 in Unarmed Combat
  7630 | D:7      | You are sucked into a shaft and drop 1 floor!
  7876 | D:7      | Found a runed translucent door.
  7877 | D:7      | Noticed Crazy Yiuf
  7987 | D:7      | Killed Crazy Yiuf
  8321 | D:7      | Reached skill level 5 in Transmutations
  8396 | D:7      | Found Jev Liz's Armour Emporium.
  8404 | D:7      | Bought a +0 buckler of cold resistance for 161 gold pieces
  8404 | D:7      | Bought a +1 hat for 154 gold pieces
  8449 | D:7      | Found a glowing golden altar of the Shining One.
  8530 | D:7      | Reached skill level 1 in Ice Magic
  8530 | D:7      | Reached skill level 1 in Poison Magic
  8658 | D:7      | Reached *** piety under Makhleb
  9123 | D:8      | Found a bloodstained altar of Trog.
  9199 | D:8      | Found a staircase to the Lair.
  9220 | D:8      | Noticed a two-headed ogre
  9392 | D:8      | Reached skill level 7 in Unarmed Combat
  9529 | D:8      | Killed a two-headed ogre
  9529 | D:8      | Reached skill level 5 in Dodging
  9529 | D:8      | Reached XP level 10. HP: 80/80 MP: 15/17
  9574 | D:8      | Found a shadowy altar of Dithmenos.
  9799 | D:9      | Found an iron altar of Okawaru.
  9847 | D:9      | Reached skill level 5 in Spellcasting
  9932 | D:9      | Reached **** piety under Makhleb
 10377 | D:9      | Noticed a +0 hand axe
 10378 | D:9      | Found a hide-covered altar of Uskayaw.
 10378 | D:9      | Noticed a +0 dagger
 10880 | D:10     | Entered Level 10 of the Dungeon
 10889 | D:10     | Learned a level 5 spell: Blade Hands
 11747 | D:10     | Reached skill level 5 in Fighting
 12163 | D:10     | Reached ***** piety under Makhleb
 12258 | D:10     | Reached skill level 5 in Invocations
 12385 | D:10     | Reached XP level 11. HP: 88/88 MP: 9/19
 12472 | D:10     | Learned a level 4 spell: Fulminant Prism
 12601 | D:10     | Found a staircase to the Orcish Mines.
 12705 | D:10     | Reached skill level 8 in Unarmed Combat
 12949 | D:11     | Reached skill level 5 in Evocations
 13261 | D:11     | Found Itesis's Armour Boutique.
 13265 | D:11     | Bought a +0 pair of gloves of dexterity for 149 gold pieces
 13455 | D:11     | Noticed a green ugly thing
 13490 | D:11     | Killed a green ugly thing
 13589 | D:11     | Reached skill level 5 in Shields
 14372 | D:12     | Noticed a seven-headed hydra
 14379 | D:12     | Killed a seven-headed hydra
 14722 | D:12     | Noticed an orange crystal statue
 14722 | D:12     | Noticed an obsidian statue
 14981 | D:13     | Noticed a centaur warrior
 14996 | D:13     | Killed a centaur warrior
 14996 | D:13     | Reached skill level 9 in Unarmed Combat
 15301 | D:13     | Reached XP level 12. HP: 97/97 MP: 21/21
 15336 | D:13     | Noticed a four-headed hydra
 15351 | D:13     | Killed a four-headed hydra
 15546 | D:13     | Noticed a two-headed ogre
 15550 | D:13     | Killed a two-headed ogre
 16131 | D:14     | You fall into a shaft and drop 1 floor!
 16131 | D:15     | Entered Level 15 of the Dungeon
 16180 | D:15     | Found a frozen archway.
 16226 | IceCv    | Entered an ice cave
 16247 | IceCv    | Reached skill level 5 in Conjurations
 16494 | IceCv    | HP: 2/116 [freezing wraith (4)]
 16495 | IceCv    | Slain by a freezing wraith

Levels and vault maps discovered:
D:1:      mainiacjoe_arrival_reflecting_pool, layout_loops_ring, corner_web_ring
D:2:      layout_basic, grunt_gozag_breadcrumbs, minmay_misc_feat_doors
D:3:      layout_rooms, serial_curves, eino_curves_04, eino_curves_02,
          kennysheep_generic_room_10
D:4:      kennysheep_kobold_camp, layout_loops_ring, lemuel_crystal_altar,
          lemuel_zombie_altar_yredelemnul, minmay_temple_entry_stoned_glass,
          first_ration, elyvilon_altar_3, uniq_natasha
D:5:      layout_rooms, minitemple, hangedman_abyss_or_decor_passed,
          guppyfry_early_lair_pool
D:6:      minmay_bubble_buster, layout_basic, doesnt_xom_only_xom, serial_shops,
          shop_statue, gammafunk_ghost_smash, uniq_menkaure
D:7:      layout_loops_ring, old_standard_altar, serial_shops, shop, the_bakery,
          kennysheep_generic_room_3, uniq_crazy_yiuf_cottage
D:8:      layout_cave_pools, nicolae_overflow_crystal_walls,
          trog_ov_bears_minmay, lair_entry_dummy, serial_park,
          serial_park_square2, serial_park_square3
          [serial_park_minivault_5x5_1], serial_park_tiny_1, serial_park_square3
          [serial_park_minivault_5x5_4]
D:9:      layout_long_grid, okawaru_trees_1, dancing_weapons_uskayaw
D:10:     layout_irregular_city, david_orc_4, serial_column_ruins,
          column_ruins_open_medium, column_ruins_grid_1, column_ruins_grid_1,
          column_ruins_open_small, column_ruins_corridor_plus,
          column_ruins_columns_straight
D:11:     layout_stronghold, serial_shops, shop
D:12:     layout_basic, david_greed
D:13:     layout_basic
D:14:     wander_river, layout_loops_ring, skrybe_vaults_entry_preservation,
          hangedman_decor_push
D:15:     gammafunk_enter_depths_forms, layout_loops_cross, tso_metal_star,
          portal_ice_cave_entry_ice_beasts, uniq_azrael, uniq_rupert
Temple:   dpeg_chambers_temple
IceCv:    ice_cave_small_necro

Skill      XL: |  1  2  3  4  5  6  7  8  9 10 11 12 |
---------------+-------------------------------------+-----
Dodging        | 2 3 4 5 6 |  6.6
Unarmed Combat | 4 5 7 9 |  9.7
Stealth        | 1 2 3 |  3.0
Fighting       | 2 3 4 5 6 |  6.7
Transmutations | 3 4 5 6 7 |  7.4
Evocations     | 2 3 4 6 |  6.6
Shields        | 1 2 4 5 6 |  6.1
Spellcasting   | 3 4 5 6 |  6.5
Invocations    | 1 2 3 5 6 |  6.5
Conjurations   | 2 3 4 5 |  5.1
Ice Magic      | 1 2 |  2.9
Poison Magic   | 1 |  1.1

Action                   |  1- 3 |  4- 6 |  7- 9 | 10-12 || total
-------------------------+-------+-------+-------+-------++-------
Melee: Unarmed           |   131 |   374 |   611 |   893 ||  2009
       Tailslap          |    12 |    34 |    70 |    74 ||   190
       Punch             |     2 |       |       |       ||     2
       Kick              |     1 |    33 |    10 |       ||    44
       Staff             |       |     1 |       |       ||     1
       Headbutt          |       |     6 |    23 |    44 ||    73
 Cast: Beastly Appendage |     4 |    31 |    25 |    30 ||    90
       Sticks to Snakes  |     4 |    10 |     8 |    33 ||    55
       Spider Form       |       |       |     5 |     4 ||     9
       Searing Ray       |       |       |     2 |     1 ||     3
       Ice Form          |       |       |     1 |    26 ||    27
       Blade Hands       |       |       |       |     1 ||     1
Invok: Minor Destruction |       |       |     3 |     6 ||     9
       Major Destruction |       |       |       |     6 ||     6
 Abil: Breathe Fire      |       |       |    28 |     4 ||    32
       End Transformatio |       |       |     1 |       ||     1
       Evoke Berserk Rag |       |       |       |     1 ||     1
Evoke: Wand              |       |       |     7 |    17 ||    24
  Use: Scroll            |     7 |     4 |     6 |    10 ||    27
       Potion            |       |     6 |     2 |     5 ||    13
 Stab: Sleeping          |     3 |       |     4 |     4 ||    11
       Distracted        |       |     2 |       |     2 ||     4
       Paralysed         |       |       |     6 |     6 ||    12
  Eat: Chunk             |     3 |    11 |    23 |    29 ||    66
       Ration            |       |       |       |     1 ||     1
Armor: Skin              |    44 |    86 |   147 |   203 ||   480
Dodge: Dodged            |    69 |   156 |   332 |   523 ||  1080
Block: Buckler           |       |    41 |   142 |   133 ||   316

Table legend:
 A = Non-vault XP
 B = Vault XP
 C = Vault XP percentage of total XP
 D = Non-vault monster count
 E = Vault monster count
 F = Vault count percentage of total count
                 A         B        C        D         E       F
            +---------+---------+-------+---------+---------+-------
      Total |   24080 |    5454 |  18.5 |     359 |      88 |  19.7
            +---------+---------+-------+---------+---------+-------
        D:1 |      37 |       0 |   0.0 |      15 |       0 |   0.0
        D:2 |      56 |       0 |   0.0 |      20 |       0 |   0.0
        D:3 |     116 |       2 |   1.7 |      35 |       1 |   2.8
        D:4 |     530 |     167 |  24.0 |      28 |      24 |  46.2
        D:5 |     736 |      14 |   1.9 |      27 |       1 |   3.6
        D:6 |     404 |     623 |  60.7 |      15 |      16 |  51.6
        D:7 |    1322 |     399 |  23.2 |      44 |       3 |   6.4
        D:8 |     547 |    1433 |  72.4 |      18 |       8 |  30.8
        D:9 |    2104 |       0 |   0.0 |      41 |       0 |   0.0
       D:10 |    2622 |     661 |  20.1 |      34 |      13 |  27.7
       D:11 |    4359 |       0 |   0.0 |      35 |       0 |   0.0
       D:12 |    3263 |       0 |   0.0 |      16 |       0 |   0.0
       D:13 |    7006 |       0 |   0.0 |      27 |       0 |   0.0
       D:14 |     890 |       0 |   0.0 |       3 |       0 |   0.0
       D:15 |      88 |    1029 |  92.1 |       1 |       8 |  88.9
      IceCv |       0 |    1126 | 100.0 |       0 |      14 | 100.0
            +---------+---------+-------+---------+---------+-------
